 Dungeon Crawl Stone Soup version bcrawl-1.21 (webtiles) character file.

Game seed: 13301529891091466984

16 MisterOstroum the Chiller (level 2, 19/20 HPs)
             Began as a Ghoul Ice Elementalist on Feb 15, 2020.
             Quit the game on level 1 of the Dungeon.
             The game lasted 00:02:47 (1030 turns).

MisterOstroum the Chiller (Ghoul Ice Elementalist)  Turns: 1030, Time: 00:02:48

Health: 19/20      AC:  2    Str: 11    XL:     2   Next: 58%
Magic:  4/4        EV: 12    Int: 10    God:
Gold:   8          SH:  0    Dex:  9    Spells: 2/5 levels left

rFire    . . .     SeeInvis .   (no weapon)
rCold    + . .     Gourm    .   (no shield)
rNeg     + + +     Faith    .   a - +0 robe
rPois    ∞         Spirit   .   (no helmet)
rElec    .         Reflect  .   (no cloak)
rCorr    .         Harm     .   (no gloves)
MR       .....                  (no boots)
Stlth    ++........             (no amulet)
HPRegen  0.06/turn              (no ring)
MPRegen  0.09/turn              (no ring)

@: rotting
A: rotting body, claws 1, carnivore, cold resistance 1, negative energy
resistance 3, inhibited regeneration, torment resistance, unbreathing
a: no special abilities


You were on level 1 of the Dungeon.
You were not hungry.

You visited 1 branch of the dungeon, and saw 1 of its levels.

You collected 8 gold pieces.

Inventory:

Missiles
 d - 135 stones (quivered)
Armour
 a - a +0 robe (worn)
 f - a +0 large shield
Wands
 c - a wand of iceblast (1)
Scrolls
 b - a scroll of identify {unknown}
 e - 2 scrolls of remove curse {unknown}


   Skills:
 - Level 1.7 Dodging
 - Level 2.4 Stealth
 + Level 2.2 Spellcasting
 - Level 0.7 Conjurations
 + Level 4.2 Ice Magic


You had 2 spell levels left.
You knew the following spells:

 Your Spells              Type           Power        Failure   Level  Hunger
a - Freeze                Ice            #.....       5%          1    ##.....
b - Throw Frost           Conj/Ice       #.....       17%         2    ###....

Your spell library contained the following spells:

 Spells                   Type           Power        Failure   Level  Hunger
 Ozocubu's Armour         Chrm/Ice       #.......     36%         3    ####...
 Throw Icicle             Conj/Ice       #.......     73%         4    #####..
 Summon Ice Beast         Ice/Summ       #.......     78%         4    #####..


Dungeon Overview and Level Annotations

Branches:
Dungeon (1/12)

Altars:


Innate Abilities, Weirdness & Mutations

Your body is rotting away.
You thrive on raw meat.
You are immune to poison.
You have sharp fingernails.
You are carnivorous and can eat meat at any time.
Your flesh is cold resistant. (rC+)
You are immune to negative energy. (rN+++)
You do not regenerate when monsters are visible.
You are immune to unholy pain and torment.
You can survive without breathing.


Message History

The kobold throws a stone.
The stone barely misses you.
Things that are here:
133 stones; 8 gold pieces; a kobold corpse The kobold throws a stone.
The stone misses you.
You aren't carrying any food.
Found a robe.
Found a ration.
The giant cockroach closely misses you. The giant cockroach closely misses you.
There is an open door here.
The giant cockroach barely misses you.
You see here a rat corpse.
You butcher the rat corpse.
The giant cockroach misses you.
Things that are here:
a chunk of flesh; a rat skeleton Eat a chunk of flesh? (ye/n/q)
You eat the chunk of flesh.
This raw flesh tastes great!
The giant cockroach bites you but does no damage.
You aren't carrying any food.
The giant cockroach bites you.
Things that are here:
133 stones; 8 gold pieces; a kobold corpse You butcher the kobold corpse.
The giant cockroach barely misses you.
Items here: $ % ( ÷ 133 stones; 8 gold pieces; 3 chunks of flesh; a kobold skeleton Eat one of 3 chunks of flesh? (ye/n/q)
You eat one of the 3 chunks of flesh.
This raw flesh tastes great!
The giant cockroach bites you but does no damage.
Eat one of 2 chunks of flesh? (ye/n/q)
You eat one of the 2 chunks of flesh.
This raw flesh tastes great!
The giant cockroach bites you. The kobold completely misses you.
The giant cockroach bites you but does no damage.
The giant cockroach bites you.
Casting: Freeze (safe; 5% risk of failure)
Confirm with . or Enter, or press ? or * to list all spells.
Aiming: Freeze (safe; 5% risk of failure)
Press: ? - help, Shift-Dir - straight line, f/p - kobold
Aim: a kobold, wielding a +0 short sword (moderately wounded)
You freeze the kobold.
You kill the kobold!
The giant cockroach bites you but does no damage.
Casting: Freeze (safe; 5% risk of failure)
Confirm with . or Enter, or press ? or * to list all spells.
Aiming: Freeze (safe; 5% risk of failure)
Press: ? - help, Shift-Dir - straight line, f - giant cockroach
Aim: a giant cockroach You freeze the giant cockroach.
You kill the giant cockroach!
Casting: Freeze (safe; 5% risk of failure)
Confirm with . or Enter, or press ? or * to list all spells.
You can't see any susceptible monsters within range! (Use Z to cast anyway.) Unknown command.
Unknown command.
Your magical contamination has completely faded away.
Key pressed, stopping explore.
A hobgoblin comes into view.
A hobgoblin is nearby!
A hobgoblin is nearby!
A hobgoblin is nearby!
A hobgoblin is nearby!
The hobgoblin shouts!
You scratch the hobgoblin but do no damage.
The hobgoblin misses you.
You barely miss the hobgoblin. The hobgoblin hits you.
You closely miss the hobgoblin. The hobgoblin closely misses you.
You barely miss the hobgoblin. The hobgoblin closely misses you.
You scratch the hobgoblin.
The hobgoblin is heavily wounded.
The hobgoblin hits you.
You scratch the hobgoblin but do no damage.
The hobgoblin is heavily wounded.
The hobgoblin hits you.
Casting: Freeze (safe; 5% risk of failure)
Confirm with . or Enter, or press ? or * to list all spells.
Aiming: Freeze (safe; 5% risk of failure)
Press: ? - help, Shift-Dir - straight line, f - hobgoblin
Aim: a hobgoblin, wearing a +0 ring mail and wearing a cursed -2 ring of intelligence (heavily wounded)
You freeze the hobgoblin.
The hobgoblin is almost dead.
The hobgoblin hits you.
Casting: Freeze (safe; 5% risk of failure)
Confirm with . or Enter, or press ? or * to list all spells.
Aiming: Freeze (safe; 5% risk of failure)
Press: ? - help, Shift-Dir - straight line, f/p - hobgoblin
Aim: a hobgoblin, wearing a +0 ring mail and wearing a cursed -2 ring of intelligence (almost dead)
You freeze the hobgoblin.
You kill the hobgoblin!
Key pressed, stopping explore.
Things that are here:
a +0 club; a hobgoblin skeleton
d - 135 stones (gained 133)
You now have 8 gold pieces.
You see here a +0 short sword.
Things that are here:
a +0 ring mail; a cursed -2 ring of intelligence; a hobgoblin skeleton Key pressed, stopping explore.
Key pressed, stopping explore.
Key pressed, stopping explore.
b - a scroll labeled XEOSYMEAHI Are you sure you want to abandon this character and quit the game? (Confirm with "yes".)

#.# #.........#
######.#####.........# ##
...........[..........# #<
........####..)......#####.
........####.).########....
........#............##....
........#............##....
........#............#####.
........#.@..........# #.
.......#............# ##
#"...........#
#............#
#............######
#.............$....
#.............#####
#############.# #.#


There were no monsters in sight!

Vanquished Creatures
  2 giant cockroaches (D:1)
  A goblin (D:1)
  4 hobgoblins (D:1)
  2 bats (D:1)
  4 kobolds (D:1)
  2 rats (D:1)
15 creatures vanquished.

Notes
Turn   | Place    | Note
-------+----------+-------------------------------------------
     0 | D:1      | MisterOstroum the Ghoul Ice Elementalist began the quest
                  | for the Orb.
     0 | D:1      | Reached XP level 1. HP: 14/14 MP: 2/2
   379 | D:1      | Reached XP level 2. HP: 9/20 MP: 0/4
   380 | D:1      | Reached skill level 4 in Ice Magic
   628 | D:1      | Learned a level 2 spell: Throw Frost
  1030 | D:1      | Quit the game

Skill      XL: |  1  2 |
---------------+-------+-----
Spellcasting   | 2 |  2.2
Ice Magic      | 4 |  4.2
Dodging        | |  1.7
Stealth        | |  2.4
Conjurations   | |  0.7

Action                   || total
-------------------------++-------
Melee: Unarmed           ||    53
 Cast: Freeze            ||    17
  Use: Potion            ||     2
  Eat: Chunk             ||     3
Armor: Robe              ||    17
Dodge: Dodged            ||    69
